 Dungeon Crawl Stone Soup version 0.29.0-4-gdea44cf6ec (webtiles) character file.

Game seed: 3402186825691582396

168 qw the Chopper (level 5, -3/30 HPs)
             Began as a Tengu Warper on Aug 28, 2022.
             Slain by Duvessa
             ... wielding a +0 short sword
              (5 damage)
             ... on level 4 of the Dungeon.
             The game lasted 00:00:17 (2915 turns).

qw the Chopper (Tengu Warper)                       Turns: 2915, Time: 00:00:17

Health: -3/30      AC:  7    Str: 13    XL:     5   Next: 48%
Magic:  9/9        EV: 11    Int: 13    God:
Gold:   97         SH:  8    Dex: 14    Spells: 8/8 levels left

rFire   . . .      SeeInvis +   Y - +0 hand axe
rCold   . . .      Faith    .   o - +0 kite shield
rNeg    . . .      Spirit   .   g - +2 ring mail {rPois}
rPois   +          Reflect  .   (helmet restricted)
rElec   .          Harm     .   (no cloak)
rCorr   .          Rampage  .   (no gloves)
Will    .....                   (boots unavailable)
Stlth   +.........              (no amulet)
HPRegen 0.10/turn               n - ring of see invisible
MPRegen 0.11/turn               (no ring)

@: flying quickly and evasively, quick
A: beak, talons 3, nimble flight
a: no special abilities


You were on level 4 of the Dungeon.
You visited 1 branch of the dungeon, and saw 4 of its levels.

You collected 97 gold pieces.


Innate Abilities, Weirdness & Mutations

You have a beak for a mouth.
You have claws for feet.
Your magical nature lets you fly swiftly and evasively.


   Skills:
 - Level 2.0 Fighting
 + Level 4.8 Axes
 - Level 1.0 Throwing
 - Level 1.1 Armour
 - Level 2.1 Dodging
 - Level 3.0 Shields
 - Level 2.0 Spellcasting
 - Level 2.4 Translocations


You had 8 spell levels left.
You didn't know any spells.
Your spell library contained the following spells:

 Spells                   Type           Power      Damage    Failure   Level
 Blink                    Tloc           14%        N/A       69%         2
 Gell's Gravitas          Tloc           7%         N/A       89%         3
 Lesser Beckoning         Tloc           7%         N/A       89%         3
 Teleport Other           Tloc           7%         N/A       89%         3
 Manifold Assault         Tloc           7%         N/A       100%        5

Inventory:

Hand Weapons
 m - a +2 whip of pain
 Y - a +0 hand axe (weapon)
Missiles
 h - 4 javelins (quivered)
Armour
 g - a +2 ring mail of poison resistance (worn)
 o - a +0 kite shield (worn)
Jewellery
 b - a ring of ice
 n - a ring of see invisible (left hand)
Scrolls
 a - a scroll of identify
Potions
 c - a potion of mutation
 d - a potion of berserk rage {unknown}
 e - a potion of ambrosia {unknown}
 f - a potion of might
 j - a potion of resistance {unknown}
 p - a potion of curing {unknown}
 q - a potion of flight {unknown}

Dungeon Overview and Level Annotations

Branches:
Dungeon (4/15)
 Temple: D:4-7

Altars:

Annotations:
D:4 Dowan, Duvessa


Message History

You hit Dowan but do no damage. You hit the adder.
Duvessa hits you with a +0 short sword! Dowan closely misses you.
You block the adder's attack. Duvessa hits you with a +0 short sword.
You block Dowan's attack.
You completely miss Duvessa.
Duvessa is moderately wounded.
You barely miss the adder. You hit Dowan but do no damage.
You block the adder's attack. x2; Dowan hits you with a +3 dagger.
You block Duvessa's attack.
You hit Duvessa but do no damage. You claw Duvessa, but do no damage.
Duvessa is moderately wounded.
You barely miss the adder. You closely miss Dowan.
The adder closely misses you. You block Dowan's attack.
Duvessa hits you but does no damage.
You completely miss Duvessa. You claw Duvessa, but do no damage.
Duvessa is moderately wounded.
You hit the adder. You hit Dowan. You block the adder's attack.
Dowan hits you but does no damage. Duvessa hits you but does no damage.
You block the adder's attack.
You hit the adder.
The adder is almost dead.
You closely miss Dowan. You hit Duvessa but do no damage.
The adder bites you but does no damage. You block Dowan's attack.
You block Duvessa's attack. The adder bites you but does no damage.
You closely miss the adder.
The adder is almost dead.
You hit Duvessa but do no damage. You hit Dowan.
Dowan hits you with a +3 dagger. You block Duvessa's attack.
The adder bites you but does no damage. Dowan hits you with a +3 dagger!
Duvessa closely misses you.
You closely miss the adder. You peck the adder, but do no damage.
The adder is almost dead.
You hit Dowan but do no damage. You closely miss Duvessa. The adder bites you.
Dowan barely misses you. You block Duvessa's attack.
The adder bites you but does no damage.
You hit the adder.
You kill the adder!
You hit Dowan. You hit Duvessa. You block Dowan's attack.
Duvessa hits you with a +0 short sword.
You die...

###.#####.
#........
#.......#
#.......#
#.......#
#.......#####.
#...e.........
#...e@<.#
#.#####.# .#
.# .# .. ##


You could see Duvessa and Dowan.

Vanquished Creatures
  A hound (D:3)
  Jessica (D:3)
  Robin (D:3)
  3 adders
  2 worms
  2 dart slugs
  2 orcs (D:3)
  4 endoplasms
  A giant cockroach (D:3)
  7 hobgoblins
  3 quokkas
  5 ball pythons
  8 bats
  2 frilled lizards
  15 goblins
  6 kobolds
  3 rats
66 creatures vanquished.

Vanquished Creatures (others)
  3 plants (D:2)
3 creatures vanquished.

Grand Total: 69 creatures vanquished

Notes
Turn   | Place    | Note
-------+----------+-------------------------------------------
     0 | D:1      | qw the Tengu Warper began the quest for the Orb.
     0 | D:1      | Reached XP level 1. HP: 12/12 MP: 4/4
     0 | D:1      | 0 ||| qw: Version: 0.1-a-89-g26bdef1
     0 | D:1      | 0 ||| qw: Game counter: 147
     0 | D:1      | 0 ||| qw: Always use a shield: true
     0 | D:1      | 0 ||| qw: God list: Okawaru
     0 | D:1      | 0 ||| qw: Allow faded altars: false
     0 | D:1      | 0 ||| qw: Do Orc after D:15 true
     0 | D:1      | 0 ||| qw: Do second Lair branch before Depths: true
     0 | D:1      | 0 ||| qw: Lair rune preference: random
     0 | D:1      | 0 ||| qw: Plans: Normal
     0 | D:1      | 0 ||| PLANNING D:1-11
   272 | D:1      | Reached XP level 2. HP: 17/17 MP: 6/6
   286 | D:1      | Reached skill level 3 in Axes
   563 | D:1      | 563 ||| UPGRADING to +0 ring mail.
   573 | D:1      | 573 ||| DROPPING +0 leather armour.
   574 | D:1      | 574 ||| READING 2 scrolls labelled USOMAFUTRO.
   575 | D:1      | 575 ||| DRINKING 2 fuming grey potions.
   576 | D:1      | 576 ||| DROPPING scroll of blinking.
   623 | D:2      | Found a faded altar of an unknown god.
   677 | D:2      | 677 ||| DROPPING +0 mace.
   691 | D:2      | Identified the +3 battleaxe of Arbitration {drain, rPois
                  | rF+ Will+}
   754 | D:2      | 754 ||| Stepping ~*~*~tactically~*~*~ (stealth).
   756 | D:2      | 756 ||| Stepping ~*~*~tactically~*~*~ (stealth).
  1062 | D:2      | Reached XP level 3. HP: 21/21 MP: 7/7
  1199 | D:2      | Reached skill level 4 in Axes
  1446 | D:2      | 1446 ||| UPGRADING to +2 ring mail of poison resistance.
  1456 | D:2      | 1456 ||| DROPPING +0 ring mail.
  1457 | D:2      | 1457 ||| UPGRADING to +0 kite shield.
  1462 | D:2      | 1462 ||| DROPPING +6 ring of intelligence.
  1463 | D:2      | 1463 ||| UPGRADING to ring of see invisible.
  1464 | D:2      | 1464 ||| READING scroll labelled GATAAPLENE.
  1465 | D:2      | 1465 ||| READING 2 scrolls of identify.
  1465 | D:2      | 1465 ||| IDENTIFYING yellow potion
  1568 | D:3      | 1568 ||| Stepping ~*~*~tactically~*~*~ (stealth).
  1568 | D:3      | Noticed Jessica
  1576 | D:3      | Killed Jessica
  1577 | D:3      | Reached skill level 1 in Shields
  1577 | D:3      | Reached XP level 4. HP: 18/26 MP: 8/8
  1631 | D:3      | 1631 ||| FLEEEEING.
  1674 | D:3      | 1674 ||| Stepping ~*~*~tactically~*~*~ (hiding).
  1714 | D:3      | 1714 ||| Stepping ~*~*~tactically~*~*~ (stealth).
  1718 | D:3      | 1718 ||| Stepping ~*~*~tactically~*~*~ (stealth).
  1728 | D:3      | Reached skill level 3 in Shields
  1728 | D:3      | Gained mutation: Your magical nature lets you fly swiftly
                  | and evasively. [Tengu growth]
  1728 | D:3      | Reached XP level 5. HP: 15/30 MP: 9/9
  2293 | D:3      | 2293 ||| Stepping ~*~*~tactically~*~*~ (stealth).
  2293 | D:3      | Noticed Robin
  2294 | D:3      | 2294 ||| Stepping ~*~*~tactically~*~*~ (hiding).
  2297 | D:3      | 2297 ||| Stepping ~*~*~tactically~*~*~ (hiding).
  2299 | D:3      | 2299 ||| Stepping ~*~*~tactically~*~*~ (hiding).
  2316 | D:3      | HP: 7/30 [Robin/+0 trident (1)]
  2319 | D:3      | Killed Robin
  2837 | D:3      | 2837 ||| READING scroll labelled ATIPNUEZXOC.
  2838 | D:3      | 2838 ||| DRINKING 2 viscous grey potions.
  2839 | D:3      | 2839 ||| DRINKING 2 smoky coppery potions.
  2891 | D:3      | 2891 ||| DROPPING potion of magic.
  2892 | D:3      | 2892 ||| DROPPING potion of lignification.
  2903 | D:4      | Noticed Duvessa
  2903 | D:4      | Noticed Dowan
  2913 | D:4      | HP: 5/30 [Dowan/+3 dagger (7)]
  2914 | D:4      | HP: 2/30 [adder (3)]
  2915 | D:4      | Slain by Duvessa

Levels and vault maps discovered:
D:1:      minmay_arrival_radiant_lines, layout_loops_cross
D:2:      layout_loops_ring, ebering_ecumenical_altar_rust,
          minmay_misc_feat_five, minmay_misc_feat_rugged, serial_bayou_ford_a
D:3:      layout_loops_cross, uniq_robin, uniq_jessica
D:4:      layout_loops_cross, uniq_menkaure, uniq_duvessa, uniq_natasha

Skill      XL: |  1  2  3  4 |
---------------+-------------+-----
Axes           | 3 4 |  4.8
Shields        | 1 3 |  3.0
Fighting       | |  2.0
Throwing       | |  1.0
Armour         | |  1.1
Dodging        | |  2.1
Spellcasting   | |  2.0
Translocations | |  2.4

Action                   |  1- 3 |  4- 6 || total
-------------------------+-------+-------++-------
Melee: Hand axe          |    60 |    77 ||   137
       Kick              |     5 |    26 ||    31
       Peck              |    10 |    14 ||    24
Throw: Boomerang         |     7 |       ||     7
       Javelin           |    18 |     7 ||    25
  Use: Scroll            |     3 |     1 ||     4
       Potion            |     1 |     2 ||     3
Armor: Leather armour    |     4 |       ||     4
       Ring mail         |    20 |    35 ||    55
Dodge: Dodged            |    28 |    40 ||    68
Block: Kite shield       |     2 |    44 ||    46

Table legend:
 A = Non-vault XP
 B = Vault XP
 C = Vault XP percentage of total XP
 D = Non-vault monster count
 E = Vault monster count
 F = Vault count percentage of total count
                 A         B        C        D         E       F
            +---------+---------+-------+---------+---------+-------
      Total |     178 |      76 |  29.9 |      52 |      14 |  21.2
            +---------+---------+-------+---------+---------+-------
        D:1 |      12 |       0 |   0.0 |       9 |       0 |   0.0
        D:2 |      45 |       0 |   0.0 |      24 |       0 |   0.0
        D:3 |     107 |      76 |  41.5 |      18 |      14 |  43.8
        D:4 |      14 |       0 |   0.0 |       1 |       0 |   0.0
            +---------+---------+-------+---------+---------+-------
